Map: Odyssey LE

Players

Trizztein - Winner!

  • Race: Terran Terran
  • League: Diamond
  • Spawn Location: 11:00

prancingazel

  • Race: Zerg Zerg
  • League: Diamond
  • Spawn Location: 5:00

VOD

Have the link to the VOD?

Description

Time

  • Played on: June 17, 2017, 8:15 p.m.
  • Length: 11:00
Show
View Real Time Build Order
Export as new Build Order

Trizztein Terran - Winner!

Build Orders: Reaper Expand, MMM Bio 

Get SALT Encoding   

  12  0:00  SCV  
  13  0:13  SCV  
  14  0:17  Supply Depot  
  14  0:25  SCV  
  15  0:38  SCV  
  15  0:39  Barracks  
  16  0:46  Refinery  
  16  0:50  SCV  
  17  1:02  SCV  
  18  1:15  SCV  
  19  1:28  Orbital Command  
  19  1:31  Reaper  
  19  1:54  Command Center  
  19  1:56  SCV  
  20  2:04  Barracks  
  20  2:08  Barracks Reactor  
  20  2:11  SCV  
  21  2:16  Refinery  
  21  2:22  Supply Depot  
  21  2:26  SCV  
  22  2:39  SCV  
  22  2:41  Factory  
  23  2:46  Marine x2  
  25  2:51  SCV  
  25  2:54  Barracks Tech Lab  
  26  3:03  SCV  
  27  3:09  Orbital Command  
  27  3:15  SCV  
  27  3:18  Stimpack, Marine  
  29  3:24  Marine x2  
  31  3:28  SCV  
  32  3:36  SCV  
  32  3:39  Starport  
  32  3:40  SCV  
  34  3:41  Factory Reactor  
  34  3:51  SCV  
  34  3:53  Marine x3  
  34  3:54  SCV  
  39  3:59  Supply Depot  
  39  4:04  SCV  
  39  4:06  SCV  
  39  4:08  Supply Depot  
  41  4:10  Marine  
  41  4:11  Marine  
  41  4:16  SCV  
  44  4:17  Marine  
  44  4:18  SCV  
  46  4:25  Medivac x2  
  46  4:28  SCV, Widow Mine  
  46  4:30  Supply Depot, SCV  
  54  4:32  Marine x2  
  54  4:35  Marine  
  57  4:40  Supply Depot, SCV  
  57  4:42  SCV  
  59  4:50  Marine x2  
  59  4:52  SCV  
  62  4:54  Engineering Bay, SCV  
  62  4:56  Engineering Bay  
  63  5:03  Marine  
  63  5:04  SCV  
  63  5:05  Factory Reactor  
  63  5:06  SCV  
  66  5:08  Marine  
  67  5:16  SCV  
  67  5:18  SCV  
  67  5:19  Medivac  
  71  5:22  Supply Depot, Refinery  
  70  5:28  SCV  
  70  5:31  SCV, Combat Shields  
  70  5:32  Marine x3  
  70  5:35  Command Center  
  75  5:36  Terran Infantry Weapons Level 1  
  75  5:40  Terran Infantry Armor Level 1  
  75  5:47  SCV x2  
  77  5:50  Supply Depot  
  77  5:52  Supply Depot  
  76  5:59  SCV  
  76  6:01  Marine x3  
  80  6:11  Barracks  
  80  6:12  Barracks  
  80  6:13  Starport Reactor, Barracks, Factory Reactor  
  80  6:15  SCV  
  81  6:19  Marine  
  81  6:20  Marine x2  
  84  6:26  SCV  
  85  6:34  SCV  
  85  6:37  Marine, Armory  
  85  6:38  Marine x2  
  89  6:41  Supply Depot  
  89  6:44  Supply Depot  
  89  6:45  Refinery  
  89  6:47  Orbital Command  
  89  6:49  Concussive Shells  
  89  6:55  Marine, SCV x2  
  89  6:56  Marine x2  
  94  7:01  Marine x2, Barracks Tech Lab  
  94  7:02  Marine x2  
  94  7:03  Widow Mine  
  94  7:04  Medivac  
  94  7:07  SCV x2  
  104  7:12  Marine  
  104  7:13  Marine  
  104  7:14  Marine  
  104  7:15  Orbital Command  
  106  7:23  SCV  
  106  7:26  Terran Vehicle Weapons Level 1, SCV  
  106  7:27  Missile Turret  
  108  7:30  Missile Turret  
  108  7:31  Marine x2  
  108  7:32  Marauder, Marine x2, Missile Turret  
  114  7:37  SCV  
  114  7:39  Sensor Tower  
  114  7:44  SCV  
  116  7:47  Supply Depot  
  116  7:49  SCV x2  
  108  7:55  Marine x5  
  108  7:58  SCV  
  114  8:02  Bunker  
  114  8:06  Bunker  
  114  8:09  Supply Depot  
  114  8:11  Marine  
  114  8:12  Marine x2, Widow Mine x2  
  119  8:13  Terran Infantry Weapons Level 2  
  119  8:16  Terran Infantry Armor Level 2  
  119  8:31  SCV x2  
  119  8:33  Marine x3  
  119  8:34  Marine x3, SCV  
  127  8:38  Missile Turret  
  127  8:40  Widow Mine, Missile Turret  
  127  8:41  Widow Mine  
  130  8:42  Marine  
  130  8:43  SCV  
  135  8:51  Marine  
  135  8:52  Barracks  
  135  8:53  Barracks, Marine  
  135  8:54  Marine x2  
  139  8:56  Marauder  
  139  8:58  Barracks  
  139  9:04  Medivac x2  
  139  9:07  Marine x2  
  139  9:08  Marine  
  139  9:09  Marine, SCV  
  148  9:13  Missile Turret  
  148  9:18  Supply Depot x2  
  148  9:21  Marine  
  149  9:32  Marine x3, Widow Mine x2  
  149  9:33  Supply Depot  
  149  9:35  Supply Depot  
  146  9:41  Marine  
  146  9:42  Marine x4  
  151  9:48  Barracks Tech Lab  
  151  9:49  Marine x2  
  151  9:50  Marine x3  
  156  9:59  Marine x2  
  152  10:00  Marine, Widow Mine  
  152  10:05  Marine x2, Command Center  
  152  10:07  Marine x4, Medivac x2  
  159  10:08  Marine  
  167  10:17  Marine x4  
  155  10:22  Marine  
  155  10:23  Marine  
  155  10:24  Marine x2  
  155  10:25  Marine x3, Widow Mine  
  162  10:29  Widow Mine  
  162  10:35  Marine x3  
  165  10:39  Marine, Starport x3  
  165  10:40  Marine  
Show
View Real Time Build Order
Export as new Build Order

prancingazel Zerg 

Build Orders: Hatch First, Muta Ling Bane 

Get SALT Encoding   

  12  0:01  Drone  
  13  0:13  Overlord  
  13  0:17  Drone  
  14  0:31  Drone x2  
  14  0:35  Drone  
  17  0:54  Hatchery  
  17  0:56  Drone  
  17  1:00  Drone  
  18  1:08  Drone  
  19  1:21  Spawning Pool  
  19  1:22  Extractor  
  19  1:24  Drone  
  19  1:37  Drone  
  20  1:43  Overlord  
  20  2:10  Queen x2  
  20  2:11  Zergling x2  
  20  2:15  Drone  
  26  2:17  Hatchery  
  26  2:20  Drone  
  26  2:21  Drone  
  27  2:26  Drone  
  28  2:30  Drone x2  
  28  2:33  Extractor  
  28  2:35  Extractor  
  27  2:39  Spore Crawler  
  27  2:46  Queen  
  28  2:51  Queen  
  28  2:54  Drone  
  31  3:00  Drone x2  
  34  3:05  Drone  
  34  3:07  Drone  
  35  3:13  Overlord  
  35  3:20  Metabolic Boost  
  35  3:29  Queen  
  35  3:31  Drone x2  
  39  3:35  Drone  
  39  3:39  Pneumatized Carapace  
  40  3:51  Queen  
  40  3:53  Overlord  
  40  3:55  Overlord  
  42  4:06  Baneling Nest  
  41  4:23  Lair  
  41  4:27  Zergling x2  
  41  4:28  Zergling x16  
  50  4:33  Drone x3  
  50  4:36  Drone  
  54  4:39  Drone  
  54  4:44  Zergling x4  
  57  4:58  Overlord x2  
  57  5:13  Drone  
  58  5:14  Overlord x3  
  57  5:32  Zergling x2  
  57  5:33  Zergling x20  
  57  5:34  Spire  
  67  5:36  Drone  
  67  5:38  Drone x2  
  70  5:43  Drone x2  
  70  5:44  Drone  
  73  5:50  Drone x3  
  72  6:14  Overlord  
  72  6:15  Drone x2  
  72  6:16  Drone x5  
  77  6:21  Overlord x2  
  77  6:23  Overlord  
  77  6:30  Extractor  
  76  6:36  Extractor  
  75  6:42  Hatchery  
  75  6:44  Overlord  
  74  6:48  Mutalisk x6  
  86  7:00  Centrifical Hooks  
  86  7:08  Drone x3  
  89  7:11  Overlord x2  
  80  7:23  Mutalisk  
  80  7:24  Mutalisk  
  80  7:27  Drone x7  
  80  7:28  Drone x2  
  93  7:33  Extractor x2  
  91  7:38  Drone x2  
  91  7:39  Evolution Chamber x2  
  91  7:41  Drone x4  
  95  7:52  Mutalisk x2  
  95  7:57  Queen  
  101  7:59  Hatchery  
  101  8:02  Queen x2  
  104  8:06  Zergling x6  
  104  8:07  Zergling x8  
  104  8:10  Zerg Melee Weapons Level 1  
  111  8:14  Drone x2  
  111  8:15  Drone x3  
  116  8:24  Zerg Ground Armor Level 1  
  116  8:30  Zergling x20  
  124  8:45  Zergling x8  
  124  8:46  Baneling x3  
  124  8:47  Overlord  
  128  8:49  Mutalisk, Zerg Flyer Weapons Level 1  
  128  8:50  Mutalisk x3  
  136  9:00  Zergling x8  
  136  9:02  Drone x3  
  143  9:07  Zergling x2  
  143  9:08  Zergling x4  
  146  9:17  Zergling x2  
  146  9:18  Zergling x18  
  156  9:24  Mutalisk  
  156  9:26  Overlord x2  
  156  9:27  Overlord  
  156  9:28  Overlord  
  158  9:34  Overlord  
  158  9:35  Infestation Pit  
  157  9:40  Overlord, Zergling x2  
  157  9:41  Overlord  
  158  9:48  Baneling x4  
  158  9:58  Zergling x18  
  158  9:59  Zergling x4  
  169  10:00  Hatchery  
  169  10:02  Zergling x2  
  169  10:03  Zergling x10  
  158  10:08  Baneling x5  
  158  10:09  Baneling x4  
  154  10:18  Zergling x10  
  154  10:19  Zergling x4  
  101  10:30  Zergling x4  
  101  10:31  Zergling x24  
  101  10:32  Overlord  
Tags
 
Add a new tag
Caveats
  • Supply blocks, unpowered buildings, or Contaminate may cause inaccurate times.
  • Supply counts are checked every 10 seconds.